 Dungeon Crawl Stone Soup version 0.32-a0-791-gfc315c9ecd (webtiles) character file.

Game seed: 7030870977565424855

925 EC1 the Twirler (level 8, 0/58 HPs)
             Began as a Human Wanderer on Mar 20, 2024.
             Incinerated by a bombardier beetle (2 damage)
             ... with a burning spray
             ... on level 5 of the Dungeon.
             The game lasted 00:10:23 (4441 turns).

EC1 the Twirler (Human Wanderer)                    Turns: 4441, Time: 00:10:24

Health: 0/58       AC:  4    Str: 15    XL:     8   Next: 10%
Magic:  0/22       EV: 11    Int: 12    God:
Gold:   113        SH:  0    Dex: 13    Spells: 10/13 levels left

rFire   . . .        n - +4 quarterstaff (chaos)
rCold   . . .        (shield currently unavailable)
rNeg    . . .        A - +0 robe "Rahoidym" {Fly Slay+3}
rPois   .            (no helmet)
rElec   .            o - +1 cloak
rCorr   .            (no gloves)
SInv    .            (no boots)
Will    +....        j - amulet of guardian spirit
Stlth   +            g - ring of willpower
HPRegen 0.29/turn    h - ring of magical power
MPRegen 0.18/turn

%: guardian spirit
@: on fire, flying, glowing
A: explore regen
a: no special abilities


You were on level 5 of the Dungeon.
You visited 1 branch of the dungeon, and saw 5 of its levels.

You collected 113 gold pieces.

Inventory:

Hand Weapons
 a - a +2 dagger
 i - a +1 short sword of draining
 n - a +4 quarterstaff of chaos (weapon)
 p - a +2 hammer of protection
Armour
 o - a +1 cloak (worn)
 r - the +4 skin of Zhor {*Englaciate rC+++ SInv}
   (You found it on level 2 of the Dungeon)

   *Englaciate: It radiates cold, occasionally slowing all nearby creatures who
   are not resistant to cold.
   rC+++:     It renders you almost immune to cold.
   SInv:      It lets you see invisible.
 t - a +0 helmet
 w - a +2 robe of cold resistance
 A - the +0 robe "Rahoidym" (worn) {Fly Slay+3}
   (You found it on level 3 of the Dungeon)

   Slay+3:    It affects your accuracy & damage with ranged weapons and melee
   (+3).
   Fly:       It grants you flight.
 B - a +0 pair of gloves
Jewellery
 g - a ring of willpower (left hand)
 h - a ring of magical power (right hand)
 j - an amulet of guardian spirit (around neck)
 k - a +6 ring of dexterity
Talismans
 b - a beast talisman
Wands
 q - a wand of iceblast (8) (quivered)
 C - a wand of light (6)
Scrolls
 l - 3 scrolls of teleportation
 v - a scroll of vulnerability
 x - a scroll of identify
 D - a scroll of fear
Potions
 c - 3 potions of attraction
 d - a potion of enlightenment
 e - 2 potions of invisibility
 m - 3 potions of lignification
 s - a potion of ambrosia
 u - a potion of curing
 z - a potion of haste


   Skills:
 + Level 3.1 Fighting
 + Level 2.4 Short Blades
 + Level 4.8 Staves
 + Level 3.7 Throwing
 + Level 1.5 Armour
 + Level 2.7 Dodging
 + Level 2.4 Stealth
 * Level 3.3 Spellcasting
 + Level 3.0 Conjurations
 + Level 1.0 Invocations


You had 10 spell levels left.
You knew the following spells:

 Your Spells              Type           Power      Damage    Failure   Level
a - Searing Ray           Conj           18%        2d5       11%         2
b - Sting                 Conj/Alch      20%        1d4       13%         1

Your spell library contained the following spells:

 Spells                   Type           Power      Damage    Failure   Level
 Static Discharge         Conj/Air       10%        3-4/arc   19%         2
 Apportation              Tloc           4%         N/A       24%         1
 Necrotise                Necr           8%         1d4       24%         1
 Summon Small Mammal      Summ           8%         N/A       24%         1


Dungeon Overview and Level Annotations

Branches:
Dungeon (5/15)
 Temple: D:4-7

Altars:


Innate Abilities, Weirdness & Mutations

You regain HP and MP as you explore.


Message History

You are covered in liquid fire!
You shake off some of the fire as you move.
The liquid fire burns you!
* * * LOW HITPOINT WARNING * * *
You shake off some of the fire as you move.
The liquid fire burns you!
* * * LOW HITPOINT WARNING * * *
Casting: Searing Ray (safe; 11% risk of failure)
Confirm with . or Enter, or press ? or * to list all spells.
Aiming: Searing Ray (safe; 11% risk of failure)
Press: ? - help, Shift-Dir - straight line, f/p - bombardier beetle
Aim: a bombardier beetle (severely wounded, 85% to hit)
The searing ray hits the bombardier beetle.
The bombardier beetle is almost dead. (Press . to maintain the ray.)
The liquid fire burns you!
* * * LOW HITPOINT WARNING * * *
The bombardier beetle sprays incendiary fluid at you.
The burning spray hits you.
You are even more covered in liquid fire!
You shake off some of the fire as you move.
The liquid fire burns you!
* * * LOW HITPOINT WARNING * * *
You shake off the liquid fire.
The bombardier beetle bites you.
* * * LOW HITPOINT WARNING * * *
You barely miss the bombardier beetle.
The bombardier beetle is almost dead.
The bombardier beetle sprays incendiary fluid at you.
The burning spray hits you.
You are covered in liquid fire!
You hit the bombardier beetle but do no damage.
The bombardier beetle appears confused.
The bombardier beetle is almost dead.
The liquid fire burns you!
* * * LOW HITPOINT WARNING * * *
You sock the bombardier beetle!
You kill the bombardier beetle!
The liquid fire burns you!
You die...

###. ... . ## #.. ..
.. #.. #####... #.#..
.(#... #....##...
.##.##?.#†# #######
.....>..?.####.......
....($....@..........
.....##.#....#.......
.....#..####..###.###
###.....# ##†##..#
#..##.# #<...# ##.
#.. #..### # ### ##.#
.. >.#


There were no monsters in sight!

Vanquished Creatures
  Menkaure (D:4)
  A water moccasin (D:5)
  2 black bears (D:5)
  2 scorpions
  A howler monkey (D:5)
  Crazy Yiuf (D:2)
  2 bombardier beetles
  A hound (D:5)
  A jelly (D:5)
  A sleepcap (D:4)
  2 orc wizards (D:4)
  An iguana (D:4)
  Robin (D:2)
  A gnoll (D:1)
  4 adders
  A dart slug (D:2)
  A ribbon worm (D:2)
  2 orcs (D:4)
  4 ball pythons
  8 endoplasms
  12 goblins
  12 hobgoblins
  8 jackals
  A kobold (D:2)
  A quokka (D:1)
  5 bats
  5 frilled lizards
  A rat (D:1)
83 creatures vanquished.

Notes
Turn   | Place    | Note
-------+----------+-------------------------------------------
     0 | D:1      | EC1 the Human Wanderer began the quest for the Orb.
     0 | D:1      | EC1 set off with the following items: a +2 dagger, 4
                  | curare-tipped darts, 2 potions of attraction, a +0 leather
                  | armour; and the following spells available to memorise:
                  | Searing Ray, Static Discharge.
     0 | D:1      | Reached XP level 1. HP: 15/15 MP: 3/3
    80 | D:1      | Reached XP level 2. HP: 9/21 MP: 5/5
   307 | D:1      | Learned a level 2 spell: Searing Ray
   466 | D:1      | Reached XP level 3. HP: 4/26 MP: 6/6
   802 | D:2      | Reached skill level 1 in Short Blades
   908 | D:2      | Found a runed translucent door.
   909 | D:2      | Noticed Crazy Yiuf
  1060 | D:2      | Killed Crazy Yiuf
  1061 | D:2      | Reached XP level 4. HP: 29/32 MP: 2/7
  1319 | D:2      | Found the +4 skin of Zhor {*Englaciate rC+++ SInv}
  1371 | D:2      | Reached skill level 1 in Dodging
  1591 | D:2      | Noticed Robin
  1596 | D:2      | Reached XP level 5. HP: 37/38 MP: 2/8
  1598 | D:2      | Killed Robin
  2250 | D:3      | Identified the +0 robe "Rahoidym" {Fly Slay+3}
  2717 | D:3      | Reached skill level 1 in Staves
  3239 | D:4      | Reached skill level 1 in Stealth
  3260 | D:4      | Reached skill level 2 in Staves
  3260 | D:4      | Reached XP level 6. HP: 27/44 MP: 9/9
  3263 | D:4      | Noticed Menkaure
  3287 | D:4      | Killed Menkaure
  3288 | D:4      | Reached skill level 3 in Staves
  3567 | D:4      | Learned a level 1 spell: Sting
  3648 | D:4      | Reached XP level 7. HP: 29/51 MP: 1/10
  4343 | D:5      | Entered Level 5 of the Dungeon
  4388 | D:5      | Reached skill level 4 in Staves
  4402 | D:5      | Reached XP level 8. HP: 29/58 MP: 7/12
  4440 | D:5      | HP: 1/58 [burnt (4)]
  4441 | D:5      | Incinerated by a bombardier beetle

Illustrated notes

Levels and vault maps discovered:
D:1:      spicycebolla_arrival_ecumenical, layout_rooms, serial_glass,
          glass_columns_a, glass_columns_b
D:2:      layout_loops_corners, uniq_crazy_yiuf_cottage, uniq_robin
D:3:      layout_basic
D:4:      layout_rooms, serial_co_window_serial, co_window_corner_a,
          co_window_paths_b, co_window_corner_a, co_window_of_opportunity_a,
          co_window_of_opportunity_a, co_window_corner_b, co_window_2corner,
          co_window_broadway_c, co_window_unsneaky_path_a, glass_columns_c,
          glass_columns_b, glass_columns_c, uniq_menkaure
D:5:      minmay_chambers_of_fours, layout_rooms

Skill      XL: |  1  2  3  4  5  6  7  8 |
---------------+-------------------------+-----
Short Blades   | 2 |  2.4
Dodging        | 1 2 |  2.7
Fighting       | 2 3 |  3.1
Staves         | 2 3 4 |  4.8
Stealth        | 1 2 |  2.4
Spellcasting   | 3 |  3.3
Conjurations   | 3 |  3.0
Throwing       | |  3.7
Armour         | |  1.5
Invocations    | |  1.0

Action                     |  1- 3 |  4- 6 |  7- 9 || total
---------------------------+-------+-------+-------++-------
  Melee: Dagger            |    66 |       |       ||    66
         Short sword       |    33 |       |       ||    33
         Quarterstaff      |       |    73 |    37 ||   110
   Cast: Searing Ray       |     7 |    20 |     7 ||    34
         Sting             |       |     2 |       ||     2
  Evoke: Wand              |       |     1 |       ||     1
    Use: Scroll            |     5 |     1 |     9 ||    15
   Stab: Sleeping          |       |     3 |       ||     3
         Paralysed         |       |     1 |       ||     1
 Armour: Ring mail         |    43 |       |       ||    43
         Leather armour    |     2 |       |       ||     2
         Skin              |    43 |     4 |       ||    47
         Animal skin       |       |    17 |       ||    17
         Robe              |       |    26 |    40 ||    66
  Dodge: Dodged            |    76 |    34 |    16 ||   126

Table legend: (Time is in decaauts)
 A = Elapsed time spent in this place.
 B = Non-inter-level travel time spent in this place.
 C = Inter-level travel time spent in this place.
 D = Time resting spent in this place.
 E = Time spent auto-exploring this place.
 F = Levels seen in this place.
 G = Mean time per level.
                   A        B        C        D        E       F      G
               +--------+--------+--------+--------+--------+-----+--------+
         Total |   4458 |   4458 |      0 |    649 |   2651 |   5 |  891.6 |
       Dungeon |   4458 |   4458 |      0 |    649 |   2651 |   5 |  891.6 |
               +--------+--------+--------+--------+--------+-----+--------+

Top non-repeatable levels by time:
     D:2: 1313 daAuts
     D:3: 1162 daAuts
     D:4: 1131 daAuts
     D:1: 751 daAuts
     D:5: 100 daAuts
